 Dungeon Crawl Stone Soup version 0.29.0-4-gdea44cf6ec (webtiles) character file.

Game seed: 7246076761965707769

7614 qw the Cleaver (level 11, -5/64 HPs)
             Began as a Tengu Warper on Aug 28, 2022.
             Was an Elder of Okawaru.
             Slain by a two-headed ogre
             ... wielding a +0 giant spiked club
              (15 damage)
             ... on level 9 of the Dungeon.
             The game lasted 00:01:10 (8284 turns).

qw the Cleaver (Tengu Warper)                       Turns: 8284, Time: 00:01:11

Health: -5/64      AC: 24    Str: 14    XL:     11   Next: 18%
Magic:  13/15      EV: 10    Int: 19    God:    Okawaru [****..]
Gold:   535        SH:  0    Dex: 18    Spells: 14/14 levels left

rFire   . . .      SeeInvis +   Y - +2 broad axe
rCold   . . .      Faith    .   (no shield)
rNeg    + . .      Spirit   .   v - +0 plate armour
rPois   .          Reflect  .   (helmet restricted)
rElec   +          Harm     .   l - +1 cloak
rCorr   +          Rampage  .   b - +4 pair of gloves of Ennui {rElec rN+ rCorr}
Will    .....                   (boots unavailable)
Stlth   ..........              e - amulet of regeneration
HPRegen 1.00/turn               t - +6 ring of dexterity
MPRegen 0.14/turn               i - ring of see invisible

@: heroic, flying quickly and evasively, quick
A: beak, talons 3, nimble flight, clever 1
a: Renounce Religion, Heroism, Finesse


You were on level 9 of the Dungeon.
You worshipped Okawaru.
Okawaru was greatly pleased with you.
You visited 1 branch of the dungeon, and saw 9 of its levels.

You collected 535 gold pieces.


Innate Abilities, Weirdness & Mutations

You have a beak for a mouth.
You have claws for feet.
Your magical nature lets you fly swiftly and evasively.
Your mind is acute. (Int +4, Str/Dex -1)


   Skills:
 - Level 6.1(11.1) Fighting
 + Level 13.6(18.6) Axes
 - Level 3.0(8.0) Throwing
 - Level 8.0(13.0) Armour
 - Level 4.1(9.1) Dodging
 - Level 2.0 Spellcasting
 - Level 2.4 Translocations
 + Level 4.4 Invocations


You had 14 spell levels left.
You didn't know any spells.
Your spell library contained the following spells:

 Spells                   Type           Power      Damage    Failure   Level
 Blink                    Tloc           22%        N/A       97%         2
 Gell's Gravitas          Tloc           11%        N/A       99%         3
 Lesser Beckoning         Tloc           11%        N/A       99%         3
 Teleport Other           Tloc           11%        N/A       99%         3
 Manifold Assault         Tloc           11%        N/A       100%        5

Inventory:

Hand Weapons
 p - a +0 hand axe of flaming
 Y - a +2 broad axe (weapon)
Missiles
 j - 9 boomerangs (quivered)
Armour
 b - the +4 pair of gloves of Ennui (worn) {rElec rN+ rCorr}
   (You acquired it on level 1 of the Dungeon)

   rElec:     It insulates you from electricity.
   rN:        It protects you from negative energy.
   rCorr:     It protects you from acid and corrosion.
 l - a +1 cloak (worn)
 v - a +0 plate armour (worn)
Jewellery
 e - an amulet of regeneration (around neck)
 i - a ring of see invisible (right hand)
 m - the ring "Paddoxt" {rElec rN+ Str+3}
   (You acquired it on level 1 of the Dungeon)

   [ring of positive energy]

   Str:       It affects your strength (+3).
   rElec:     It insulates you from electricity.
   rN:        It protects you from negative energy.
 t - a +6 ring of dexterity (left hand)
Scrolls
 c - 3 scrolls of teleportation
 h - 2 scrolls of identify
Potions
 d - 2 potions of haste
 f - a potion of berserk rage {unknown}
 g - a potion of cancellation
 k - 2 potions of curing
 n - a potion of heal wounds
 r - a potion of mutation
 s - a potion of lignification {unknown}

Dungeon Overview and Level Annotations

Branches:
Dungeon (9/15)             Temple (0/1) D:7            Lair (0/5) D:9
    Orc: D:9-12

Altars:
Cheibriados
Dithmenos
Fedhas
Gozag
Hepliaklqana
Kikubaaqudgha
Makhleb
Okawaru
Trog
Wu Jian
The Shining One

Portals:
Bailey: D:9

Annotations:
D:4 3 runed translucent doors, Crazy Yiuf
D:6 3 runed translucent doors, qw's ghost, novice TeWr


Message History

The troll is lightly wounded.
The troll bites you but does no damage. The troll barely misses you.
The troll closely misses you.
You slash the troll! You claw the troll. Your peck misses the troll.
The troll is heavily wounded.
The troll barely misses you. The troll misses you.
The troll closely misses you.
You slash the troll! You peck the troll.
The troll is severely wounded.
You hit the troll. You claw the troll. You peck the troll.
You kill the troll!
Okawaru accepts your kill.
You start resting.
You hear the loud creaking of a distant portcullis.
You feel like a meek peon again.
HP restored.
You hear the loud creaking of a distant portcullis.
Items here: % )) [.
Things that are here:
a +0 glaive; a +0 chain mail; an orc corpse
Found a scroll of summoning.
h - 2 scrolls of identify (gained 1)
a - a scroll of enchant weapon
8274 ||| READING scroll of enchant weapon.
As you read the scroll of enchant weapon, it crumbles to dust.
Your +1 broad axe glows red for a moment.
8274 ||| ENCHANTING +1 broad axe.
The portcullis has been lowered almost to the ground.
A two-headed ogre and an orc wizard come into view.
The two-headed ogre shouts in stereo!
The orc wizard shouts!
An acid dragon comes into view.
The orc wizard points at you and mumbles some strange words.
The magic dart hits you but does no damage.
8280 ||| INVOKING Heroism.
You gain the combat prowess of a mighty hero.
The acid dragon roars!
You hear a roar!
You hear an angry hiss.
The two-headed ogre hits you with a +0 giant spiked club!! x2
You hit the two-headed ogre but do no damage.
Your kick misses the two-headed ogre.
The two-headed ogre hits you with a +0 giant spiked club! x2
You die...

#.# +#.#+ #...# .}. .o.
#D# #O# #@# #####.#####
.## #. P #...#.#...#
...# #. . #.#.....#.#
.... #. .#.#
#..##.##..#. #...#. .#.#
#.##.#.#.#.##..## ##..#.
... +.....#.#........#.
.... .#
#.##.#.#.#.##..##.##..#%
/# #
#..##.##..#...#.#...#)


You could see a two-headed ogre, an acid dragon and an orc wizard.

Vanquished Creatures
  A two-headed ogre (D:9)
  Pikel (D:4)
  Maggie (D:7)
  3 trolls (D:9)
  A hornet (D:9)
  A vampire (D:9)
  A yak (D:9)
  Sigmund (D:3)
  2 wyverns (D:9)
  Eustachio (D:6)
  A steam dragon (D:8)
  2 acid dragons (D:9)
  Edmund (D:5)
  4 ice beasts
  3 water moccasins
  2 sky beasts (D:7)
  2 black bears
  6 orc warriors
  An ogre (D:5)
  4 centaurs
  4 lemures (D:4)
  A necrophage (D:8)
  2 kobold brigands (D:9)
  2 bullfrogs
  A gnoll sergeant (D:8)
  A scorpion (D:4)
  7 wights
  6 killer bees
  A crimson imp (D:8)
  A jelly (D:6)
  6 orc priests
  A gnoll bouda (D:6)
  A hound (D:3)
  5 iguanas
  9 orc wizards
  Robin (D:4)
  13 gnolls
  9 adders
  A shadow imp (D:6)
  An ufetubus (D:5)
  5 worms
  5 dart slugs
  25 orcs
  6 endoplasms
  4 giant cockroaches
  17 goblins
  13 hobgoblins
  8 jackals
  4 quokkas
  5 ball pythons
  4 bats
  7 frilled lizards
  A goblin skeleton (D:8)
  4 hobgoblin zombies (D:8)
  5 kobolds
  A kobold skeleton (D:8)
  2 kobold zombies (D:8)
  An orc skeleton (D:8)
  An orc zombie (D:8)
  6 rats
236 creatures vanquished.

Vanquished Creatures (others)
  4 fungi
  21 plants
25 creatures vanquished.

Grand Total: 261 creatures vanquished

Notes
Turn   | Place    | Note
-------+----------+-------------------------------------------
     0 | D:1      | qw the Tengu Warper began the quest for the Orb.
     0 | D:1      | Reached XP level 1. HP: 12/12 MP: 4/4
     0 | D:1      | 0 ||| qw: Version: 0.1-a-89-g26bdef1
     0 | D:1      | 0 ||| qw: Game counter: 1195
     0 | D:1      | 0 ||| qw: Always use a shield: true
     0 | D:1      | 0 ||| qw: God list: Okawaru
     0 | D:1      | 0 ||| qw: Allow faded altars: false
     0 | D:1      | 0 ||| qw: Do Orc after D:15 true
     0 | D:1      | 0 ||| qw: Do second Lair branch before Depths: true
     0 | D:1      | 0 ||| qw: Lair rune preference: random
     0 | D:1      | 0 ||| qw: Plans: Normal
     0 | D:1      | 0 ||| PLANNING D:1-11
    90 | D:1      | 90 ||| Stepping ~*~*~tactically~*~*~ (hiding).
    98 | D:1      | HP: 2/12 [dart slug/slug dart (3)]
   412 | D:1      | Reached XP level 2. HP: 6/17 MP: 6/6
   632 | D:1      | Reached skill level 3 in Axes
   967 | D:1      | 967 ||| Stepping ~*~*~tactically~*~*~ (stealth).
   970 | D:1      | 970 ||| Stepping ~*~*~tactically~*~*~ (stealth).
  1096 | D:1      | Reached XP level 3. HP: 19/21 MP: 7/7
  1611 | D:1      | 1611 ||| UPGRADING to +0 scale mail.
  1621 | D:1      | 1621 ||| DROPPING +0 leather armour.
  1622 | D:1      | 1622 ||| READING scroll labelled SUKHLAO IKKU.
  1623 | D:1      | 1623 ||| READING scroll labelled XEHALI BUOLLOTZ.
  1624 | D:1      | 1624 ||| READING scroll labelled WUIGUL KUPTIOW.
  1625 | D:1      | 1625 ||| READING scroll labelled ATONEANNAI.
  1626 | D:1      | 1626 ||| READING scroll labelled YREN COISME.
  1627 | D:1      | 1627 ||| READING 3 scrolls labelled MEWOF GIEMPA.
  1627 | D:1      | Identified 3 scrolls of acquirement
  1627 | D:1      | 1627 ||| ACQUIRING ring "Paddoxt" {rElec rN+ Str+3}
  1627 | D:1      | Acquired the ring "Paddoxt" {rElec rN+ Str+3}
  1629 | D:1      | 1629 ||| UPGRADING to ring "Paddoxt" {rElec rN+ Str+3}.
  1630 | D:1      | 1630 ||| READING 2 scrolls of acquirement.
  1630 | D:1      | 1630 ||| ACQUIRING +4 pair of gloves of Ennui {rElec rN+
                  | rCorr}
  1630 | D:1      | Acquired the +4 pair of gloves of Ennui {rElec rN+ rCorr}
  1632 | D:1      | 1632 ||| UPGRADING to +4 pair of gloves of Ennui {rElec rN+
                  | rCorr}.
  1637 | D:1      | 1637 ||| READING scroll of acquirement.
  1637 | D:1      | 1637 ||| ACQUIRING amulet of regeneration
  1637 | D:1      | Acquired an amulet of regeneration
  1639 | D:1      | 1639 ||| UPGRADING to amulet of regeneration.
  1644 | D:1      | 1644 ||| DROPPING scroll of blinking.
  1679 | D:2      | Reached skill level 4 in Axes
  2143 | D:2      | Reached XP level 4. HP: 26/26 MP: 8/8
  2242 | D:2      | 2242 ||| UPGRADING to +0 cloak.
  2247 | D:2      | 2247 ||| READING 3 scrolls labelled BIHI QEPAGG.
  2252 | D:2      | 2252 ||| READING scroll labelled EQABEESICU.
  2253 | D:2      | 2253 ||| DRINKING 2 clear potions.
  2254 | D:2      | 2254 ||| READING 2 scrolls of identify.
  2254 | D:2      | 2254 ||| IDENTIFYING cyan potion
  2255 | D:2      | 2255 ||| DROPPING potion of attraction.
  2256 | D:2      | 2256 ||| DROPPING potion of degeneration.
  2445 | D:3      | 2445 ||| Stepping ~*~*~tactically~*~*~ (stealth).
  2485 | D:3      | Found a bloodstained altar of Trog.
  2559 | D:3      | Noticed Sigmund
  2567 | D:3      | Reached skill level 5 in Axes
  2568 | D:3      | Killed Sigmund
  2569 | D:3      | Reached skill level 6 in Axes
  2569 | D:3      | Gained mutation: Your magical nature lets you fly swiftly
                  | and evasively. [Tengu growth]
  2569 | D:3      | Reached XP level 5. HP: 30/30 MP: 9/9
  2569 | D:3      | Reached XP level 6. HP: 35/35 MP: 10/10
  2756 | D:3      | Reached skill level 7 in Axes
  2837 | D:3      | 2837 ||| Stepping ~*~*~tactically~*~*~ (stealth).
  2918 | D:3      | Found a faded altar of an unknown god.
  2939 | D:3      | 2939 ||| DROPPING +0 club.
  3048 | D:3      | Identified the +5 dagger of Shame {freeze, rC+ Str+3
                  | Stlth+}
  3111 | D:3      | 3111 ||| Stepping ~*~*~tactically~*~*~ (hiding).
  3218 | D:3      | Found a snail-covered altar of Cheibriados.
  3252 | D:3      | Noticed a water moccasin
  3266 | D:3      | Killed a water moccasin
  3267 | D:3      | Reached skill level 3 in Fighting
  3411 | D:3      | 3411 ||| Stepping ~*~*~tactically~*~*~ (stealth).
  3431 | D:3      | 3431 ||| Stepping ~*~*~tactically~*~*~ (stealth).
  3436 | D:3      | 3436 ||| Stepping ~*~*~tactically~*~*~ (stealth).
  3437 | D:3      | 3437 ||| Stepping ~*~*~tactically~*~*~ (stealth).
  3451 | D:3      | 3451 ||| READING scroll labelled MEESINI NYBLUG.
  3452 | D:3      | 3452 ||| DROPPING +0 mace.
  3453 | D:3      | 3453 ||| READING 4 scrolls of identify.
  3453 | D:3      | 3453 ||| IDENTIFYING lumpy golden potion
  3454 | D:3      | 3454 ||| READING 3 scrolls of identify.
  3454 | D:3      | 3454 ||| IDENTIFYING amethyst potion
  3455 | D:3      | 3455 ||| READING 2 scrolls of identify.
  3455 | D:3      | 3455 ||| IDENTIFYING pink potion
  3456 | D:3      | 3456 ||| DROPPING potion of brilliance.
  3457 | D:3      | 3457 ||| DROPPING potion of invisibility.
  3552 | D:4      | 3552 ||| Stepping ~*~*~tactically~*~*~ (hiding).
  3554 | D:4      | 3554 ||| Stepping ~*~*~tactically~*~*~ (hiding).
  3575 | D:4      | Identified the +0 helmet "Nolai" {Will+ Int+4}
  3575 | D:4      | Noticed Robin
  3579 | D:4      | Killed Robin
  3580 | D:4      | Noticed Pikel
  3581 | D:4      | 3581 ||| Stepping ~*~*~tactically~*~*~ (hiding).
  3589 | D:4      | 3589 ||| Stepping ~*~*~tactically~*~*~ (stealth).
  3591 | D:4      | 3591 ||| FLEEEEING.
  3596 | D:4      | Reached XP level 7. HP: 41/41 MP: 11/11
  3616 | D:4      | 3616 ||| Stepping ~*~*~tactically~*~*~ (stealth).
  3642 | D:4      | 3642 ||| Stepping ~*~*~tactically~*~*~ (stealth).
  3645 | D:4      | 3645 ||| Stepping ~*~*~tactically~*~*~ (stealth).
  3693 | D:4      | 3693 ||| Stepping ~*~*~tactically~*~*~ (hiding).
  3848 | D:4      | Found a blossoming altar of Fedhas.
  3931 | D:4      | HP: 9/41 [lemure[Pikel] (6)]
  3932 | D:4      | 3932 ||| READING 5 scrolls of teleportation.
  3933 | D:4      | 3933 ||| DRINKING potion of heal wounds.
  3948 | D:4      | 3948 ||| Stepping ~*~*~tactically~*~*~ (stealth).
  3952 | D:4      | 3952 ||| Stepping ~*~*~tactically~*~*~ (stealth).
  4062 | D:4      | HP: 10/41 [Pikel/+2 whip of freezing (1)]
  4063 | D:4      | 4063 ||| READING 4 scrolls of teleportation.
  4065 | D:4      | HP: 3/41 [Pikel/+2 whip of freezing (3)]
  4204 | D:4      | 4204 ||| Stepping ~*~*~tactically~*~*~ (stealth).
  4265 | D:4      | Found a shadowy altar of Dithmenos.
  4291 | D:4      | 4291 ||| Stepping ~*~*~tactically~*~*~ (stealth).
  4292 | D:4      | 4292 ||| Stepping ~*~*~tactically~*~*~ (stealth).
  4358 | D:4      | Found a large runed translucent door.
  4359 | D:4      | Found a large runed translucent door.
  4405 | D:4      | HP: 10/41 [Pikel/+2 whip of freezing (6)]
  4406 | D:4      | 4406 ||| READING 3 scrolls of teleportation.
  4498 | D:4      | Found a runed translucent door.
  4499 | D:4      | Noticed Crazy Yiuf
  4679 | D:4      | Killed Pikel
  4680 | D:4      | Reached skill level 9 in Axes
  4680 | D:4      | Reached XP level 8. HP: 23/46 MP: 12/12
  4721 | D:4      | 4721 ||| UPGRADING to ring of see invisible.
  4722 | D:4      | 4722 ||| READING scroll labelled QENARCH UGIA.
  4723 | D:4      | 4723 ||| READING 2 scrolls of identify.
  4723 | D:4      | 4723 ||| IDENTIFYING inky potion
  4724 | D:4      | 4724 ||| READING 2 scrolls of teleportation.
  4756 | D:5      | Entered Level 5 of the Dungeon
  4783 | D:5      | 4783 ||| Stepping ~*~*~tactically~*~*~ (stealth).
  4823 | D:5      | Found an iron altar of Okawaru.
  4828 | D:5      | Became a worshipper of Warmaster Okawaru
  4897 | D:5      | 4897 ||| Stepping ~*~*~tactically~*~*~ (stealth).
  4932 | D:5      | Found a burning altar of Makhleb.
  5070 | D:5      | 5070 ||| Stepping ~*~*~tactically~*~*~ (stealth).
  5071 | D:5      | 5071 ||| Stepping ~*~*~tactically~*~*~ (stealth).
  5109 | D:5      | 5109 ||| Stepping ~*~*~tactically~*~*~ (stealth).
  5110 | D:5      | 5110 ||| Stepping ~*~*~tactically~*~*~ (stealth).
  5113 | D:5      | 5113 ||| Stepping ~*~*~tactically~*~*~ (stealth).
  5119 | D:5      | 5119 ||| Stepping ~*~*~tactically~*~*~ (hiding).
  5266 | D:5      | Noticed Edmund
  5276 | D:5      | Killed Edmund
  5277 | D:5      | Reached skill level 3 in Dodging
  5322 | D:5      | Reached * piety under Okawaru
  5323 | D:5      | Reached skill level 10 in Axes
  5366 | D:5      | 5366 ||| UPGRADING to +2 scale mail of cold resistance.
  5376 | D:5      | 5376 ||| DROPPING +0 scale mail.
  5422 | D:6      | Reached skill level 1 in Invocations
  5423 | D:6      | Identified the +1 leather armour of Delicate Amelioration
                  | {Fly}
  5426 | D:6      | Noticed Eustachio
  5427 | D:6      | 5427 ||| INVOKING Heroism.
  5437 | D:6      | Killed Eustachio
  5438 | D:6      | Reached skill level 3 in Armour
  5438 | D:6      | Reached XP level 9. HP: 41/52 MP: 11/13
  5478 | D:6      | 5478 ||| INVOKING Heroism.
  5672 | D:6      | 5672 ||| SWAPPING to +0 war axe.
  5691 | D:6      | Found a runed translucent gate.
  5692 | D:6      | Found a runed translucent gate.
  5693 | D:6      | Found a runed translucent gate.
  5695 | D:6      | Noticed qw's ghost (novice TeWr)
  5834 | D:6      | 5834 ||| INVOKING Heroism.
  5888 | D:6      | 5888 ||| Stepping ~*~*~tactically~*~*~ (hiding).
  5893 | D:6      | 5893 ||| INVOKING Heroism.
  5952 | D:6      | 5952 ||| INVOKING Heroism.
  5956 | D:6      | Reached skill level 3 in Invocations
  6008 | D:6      | 6008 ||| Stepping ~*~*~tactically~*~*~ (stealth).
  6009 | D:6      | 6009 ||| Stepping ~*~*~tactically~*~*~ (stealth).
  6050 | D:6      | 6050 ||| Stepping ~*~*~tactically~*~*~ (hiding).
  6051 | D:6      | 6051 ||| Stepping ~*~*~tactically~*~*~ (hiding).
  6349 | D:6      | 6349 ||| READING scroll labelled FOASCH ZIUXTO XOS.
  6407 | D:7      | Found an ancient bone altar of Kikubaaqudgha.
  6541 | D:7      | 6541 ||| INVOKING Heroism.
  6548 | D:7      | Reached ** piety under Okawaru
  6571 | D:7      | 6571 ||| READING scroll of brand weapon.
  6571 | D:7      | 6571 ||| BRANDING +0 war axe.
  6612 | D:7      | 6612 ||| Stepping ~*~*~tactically~*~*~ (hiding).
  6615 | D:7      | 6615 ||| INVOKING Heroism.
  6620 | D:7      | Reached skill level 11 in Axes
  6627 | D:7      | 6627 ||| DRINKING 2 potions of curing.
  6627 | D:7      | 6627 ||| (to cure confusion)
  6640 | D:7      | 6640 ||| Stepping ~*~*~tactically~*~*~ (stealth).
  6642 | D:7      | 6642 ||| INVOKING Heroism.
  6681 | D:7      | 6681 ||| Stepping ~*~*~tactically~*~*~ (hiding).
  6683 | D:7      | 6683 ||| INVOKING Heroism.
  6688 | D:7      | Reached skill level 3 in Throwing
  6730 | D:7      | Found a staircase to the Ecumenical Temple.
  6772 | D:7      | 6772 ||| Stepping ~*~*~tactically~*~*~ (stealth).
  6774 | D:7      | 6774 ||| Stepping ~*~*~tactically~*~*~ (stealth).
  6778 | D:7      | 6778 ||| INVOKING Heroism.
  6785 | D:7      | Noticed Maggie
  6788 | D:7      | HP: 9/54 [killer bee (7)]
  6789 | D:7      | 6789 ||| READING 4 scrolls of teleportation.
  6789 | D:7      | HP: 1/54 [killer bee (6)]
  6790 | D:7      | 6790 ||| DRINKING 2 potions of heal wounds.
  6794 | D:7      | Reached XP level 10. HP: 21/59 MP: 12/14
  6864 | D:7      | 6864 ||| Stepping ~*~*~tactically~*~*~ (stealth).
  6865 | D:7      | 6865 ||| Stepping ~*~*~tactically~*~*~ (hiding).
  6866 | D:7      | 6866 ||| Stepping ~*~*~tactically~*~*~ (hiding).
  6936 | D:7      | 6936 ||| Stepping ~*~*~tactically~*~*~ (hiding).
  6945 | D:7      | 6945 ||| INVOKING Heroism.
  6950 | D:7      | Killed Maggie
  6951 | D:7      | Reached skill level 12 in Axes
  7060 | D:7      | 7060 ||| SWAPPING to +0 broad axe.
  7061 | D:7      | 7061 ||| DROPPING +0 war axe of electrocution.
  7062 | D:7      | 7062 ||| DROPPING +0 chain mail.
  7063 | D:7      | 7063 ||| UPGRADING to +0 plate armour.
  7073 | D:7      | 7073 ||| DROPPING +2 scale mail of cold resistance.
  7074 | D:7      | 7074 ||| DROPPING +1 pair of gloves.
  7075 | D:7      | 7075 ||| UPGRADING to +6 ring of dexterity.
  7077 | D:7      | 7077 ||| READING scroll labelled LYKO KEXARE.
  7078 | D:7      | 7078 ||| DRINKING 3 ruby potions.
  7105 | D:8      | 7105 ||| Stepping ~*~*~tactically~*~*~ (hiding).
  7113 | D:8      | 7113 ||| INVOKING Heroism.
  7121 | D:8      | 7121 ||| Stepping ~*~*~tactically~*~*~ (cloud).
  7161 | D:8      | 7161 ||| INVOKING Heroism.
  7189 | D:8      | 7189 ||| Stepping ~*~*~tactically~*~*~ (hiding).
  7273 | D:8      | Found an ornate altar of the Wu Jian Council.
  7291 | D:8      | 7291 ||| Stepping ~*~*~tactically~*~*~ (stealth).
  7294 | D:8      | 7294 ||| Stepping ~*~*~tactically~*~*~ (stealth).
  7299 | D:8      | 7299 ||| INVOKING Heroism.
  7315 | D:8      | Found a glowing golden altar of the Shining One.
  7456 | D:8      | 7456 ||| Stepping ~*~*~tactically~*~*~ (hiding).
  7462 | D:8      | 7462 ||| INVOKING Heroism.
  7555 | D:8      | 7555 ||| DRINKING 2 metallic red potions.
  7555 | D:8      | Gained mutation: Your mind is acute. (Int +4, Str/Dex -1)
                  | [potion of mutation]
  7618 | D:9      | 7618 ||| Stepping ~*~*~tactically~*~*~ (hiding).
  7622 | D:9      | 7622 ||| Stepping ~*~*~tactically~*~*~ (hiding).
  7637 | D:9      | Reached skill level 6 in Armour
  7638 | D:9      | 7638 ||| INVOKING Heroism.
  7657 | D:9      | 7657 ||| INVOKING Heroism.
  7662 | D:9      | Reached *** piety under Okawaru
  7663 | D:9      | Reached skill level 6 in Fighting
  7663 | D:9      | 7663 ||| FLEEEEING.
  7664 | D:9      | 7664 ||| FLEEEEING.
  7665 | D:9      | 7665 ||| FLEEEEING.
  7666 | D:9      | 7666 ||| FLEEEEING.
  7667 | D:9      | 7667 ||| FLEEEEING.
  7668 | D:9      | 7668 ||| STAIRDANCE
  7710 | D:8      | 7710 ||| READING scroll labelled UCIPTA JOSS.
  7743 | D:9      | 7743 ||| INVOKING Heroism.
  7757 | D:9      | 7757 ||| FLEEEEING.
  7758 | D:9      | 7758 ||| FLEEEEING.
  7763 | D:9      | 7763 ||| STAIRDANCE
  7815 | D:9      | 7815 ||| Stepping ~*~*~tactically~*~*~ (stealth).
  7816 | D:9      | 7816 ||| Stepping ~*~*~tactically~*~*~ (stealth).
  7821 | D:9      | Found an opulent altar of Gozag.
  7871 | D:9      | Found a hazy altar of Hepliaklqana.
  7977 | D:9      | Noticed a two-headed ogre
  7978 | D:9      | 7978 ||| INVOKING Heroism.
  7986 | D:9      | Killed a two-headed ogre
  8010 | D:9      | 8010 ||| INVOKING Heroism.
  8049 | D:9      | Found a staircase to the Lair.
  8069 | D:9      | 8069 ||| READING scroll of enchant armour.
  8069 | D:9      | 8069 ||| ENCHANTING +0 cloak.
  8088 | D:9      | Found a flagged portal.
  8130 | D:9      | 8130 ||| Stepping ~*~*~tactically~*~*~ (stealth).
  8131 | D:9      | 8131 ||| INVOKING Heroism.
  8137 | D:9      | Received a gift from Okawaru
  8138 | D:9      | Reached XP level 11. HP: 59/64 MP: 12/15
  8139 | D:9      | Reached skill level 13 in Axes
  8149 | D:9      | 8149 ||| Stepping ~*~*~tactically~*~*~ (stealth).
  8150 | D:9      | 8150 ||| Stepping ~*~*~tactically~*~*~ (stealth).
  8164 | D:9      | Reached **** piety under Okawaru
  8165 | D:9      | 8165 ||| FLEEEEING.
  8166 | D:9      | 8166 ||| FLEEEEING.
  8167 | D:9      | 8167 ||| FLEEEEING.
  8168 | D:9      | 8168 ||| FLEEEEING.
  8169 | D:9      | 8169 ||| FLEEEEING.
  8170 | D:9      | 8170 ||| FLEEEEING.
  8171 | D:9      | 8171 ||| FLEEEEING.
  8172 | D:9      | 8172 ||| FLEEEEING.
  8173 | D:9      | 8173 ||| FLEEEEING.
  8174 | D:9      | 8174 ||| FLEEEEING.
  8175 | D:9      | 8175 ||| FLEEEEING.
  8176 | D:9      | 8176 ||| FLEEEEING.
  8177 | D:9      | 8177 ||| FLEEEEING.
  8178 | D:9      | 8178 ||| FLEEEEING.
  8179 | D:9      | 8179 ||| FLEEEEING.
  8180 | D:9      | 8180 ||| FLEEEEING.
  8181 | D:9      | 8181 ||| FLEEEEING.
  8182 | D:9      | 8182 ||| FLEEEEING.
  8183 | D:9      | 8183 ||| INVOKING Heroism.
  8206 | D:9      | 8206 ||| INVOKING Heroism.
  8214 | D:9      | 8214 ||| FLEEEEING.
  8215 | D:9      | 8215 ||| FLEEEEING.
  8216 | D:9      | 8216 ||| FLEEEEING.
  8217 | D:9      | 8217 ||| FLEEEEING.
  8218 | D:9      | 8218 ||| FLEEEEING.
  8219 | D:9      | 8219 ||| FLEEEEING.
  8274 | D:9      | 8274 ||| READING scroll of enchant weapon.
  8274 | D:9      | 8274 ||| ENCHANTING +1 broad axe.
  8279 | D:9      | Noticed a two-headed ogre
  8280 | D:9      | 8280 ||| INVOKING Heroism.
  8284 | D:9      | HP: 10/64 [two-headed ogre/+0 giant spiked club (14)]
  8284 | D:9      | Slain by a two-headed ogre

Levels and vault maps discovered:
D:1:      evilmike_arrival_rings, layout_basic
D:2:      layout_loops_ring
D:3:      minmay_thinvault, layout_loops_corners,
          mainiacjoe_overflow_small_starburst, kennysheep_slug_shrine,
          shapermc_ecumenical_altar_ellora, uniq_sigmund
D:4:      dreamdust_elfheim, layout_basic, kennysheep_little_box,
          jmf_multi_god_temple2, kennysheep_mini_moat, uniq_pikel,
          uniq_crazy_yiuf_cottage, uniq_robin
D:5:      layout_loops_cross, okawaru_trees_1, nicolae_overflow_crystal_walls,
          uniq_edmund
D:6:      layout_loops_corners, ebering_ghost_rock_garden, uniq_eustachio
D:7:      layout_cave_pools, nicolae_kikubaaqudgha_miasma_corner,
          minmay_temple_entry_mist, uniq_maggie
D:8:      layout_basic, nicolae_tso_besieged_by_evil,
          mainiacjoe_overflow_catwalk, nicolae_figureground_pulse
D:9:      minmay_the_grid_4x2 [minmay_the_grid_plusring,
          minmay_the_grid_odd_star, minmay_the_grid_doors,
          minmay_the_grid_minigrid_small_alt, minmay_the_grid_outer_diamond,
          minmay_the_grid_x, minmay_the_grid_garden,
          minmay_the_grid_prize_four_corners], layout_long_grid,
          amcnicky_altar_gilded, mainiacjoe_overflow_surrounded_room,
          dpeg_oklobed_lair, enter_bailey_2, minmay_misc_feat_square, hex_tiny

Skill      XL: |  1  2  3  4  5  6  7  8  9 10 11 |
---------------+----------------------------------+-----
Axes           | 3 4 6 7 9 10 11 12 13 | 13.6
Fighting       | 3 4 5 6 |  6.1
Armour         | 2 3 8 |  8.0
Throwing       | 2 3 |  3.0
Dodging        | 3 4 |  4.1
Invocations    | 2 4 |  4.4
Spellcasting   | |  2.0
Translocations | |  2.4

Action                   |  1- 3 |  4- 6 |  7- 9 | 10-12 || total
-------------------------+-------+-------+-------+-------++-------
Melee: Hand axe          |    85 |   129 |   206 |       ||   420
       Kick              |    29 |    33 |    95 |    92 ||   249
       Peck              |    12 |    31 |    66 |    56 ||   165
       Punch             |     1 |       |     2 |    10 ||    13
       War axe           |       |       |   122 |    19 ||   141
       Broad axe         |       |       |       |   207 ||   207
Throw: Boomerang         |     7 |       |     9 |    18 ||    34
       Javelin           |       |       |    37 |     6 ||    43
Invok: Heroism           |       |       |    10 |    14 ||    24
  Use: Scroll            |     8 |     7 |     9 |     4 ||    28
       Potion            |       |     1 |     3 |     2 ||     6
Armor: Leather armour    |     8 |       |       |       ||     8
       Scale mail        |    12 |    47 |   103 |     4 ||   166
       Plate armour      |       |       |       |   114 ||   114
Dodge: Dodged            |    39 |    57 |   171 |    89 ||   356

Table legend:
 A = Non-vault XP
 B = Vault XP
 C = Vault XP percentage of total XP
 D = Non-vault monster count
 E = Vault monster count
 F = Vault count percentage of total count
                 A         B        C        D         E       F
            +---------+---------+-------+---------+---------+-------
      Total |    5535 |    5343 |  49.1 |     162 |      70 |  30.2
            +---------+---------+-------+---------+---------+-------
        D:1 |      40 |       0 |   0.0 |      21 |       0 |   0.0
        D:2 |      42 |       0 |   0.0 |      13 |       0 |   0.0
        D:3 |     182 |     298 |  62.1 |      15 |      19 |  55.9
        D:4 |     224 |     712 |  76.1 |      30 |      14 |  31.8
        D:5 |     410 |     153 |  27.2 |      11 |       1 |   8.3
        D:6 |     933 |     202 |  17.8 |      20 |       1 |   4.8
        D:7 |    1542 |     376 |  19.6 |      25 |       1 |   3.8
        D:8 |     893 |      56 |   5.9 |      15 |      11 |  42.3
        D:9 |    1269 |    3546 |  73.6 |      12 |      23 |  65.7
            +---------+---------+-------+---------+---------+-------
